 Dungeon Sprint DCSS version 0.27-a0-773-gaaee5cf45b (webtiles) character file.

Game seed: 16908065514772595645

5000000 sahdkjhfkaj the Intangible (level 27, -53/155 HPs)
             Began as a Spriggan Brigand on Mar 26, 2021.
             Was the Champion of Makhleb.
             Annihilated by a destroyer
             ... wielding a +9 vorpal great sword
              (92 damage)
             ... in the Dungeon (Sprint VIII: "Arena of Blood").
             The game lasted 00:00:57 (50 turns).

sahdkjhfkaj the Intangible (Spriggan Brigand)         Turns: 50, Time: 00:00:57

Health: -53/155    AC:  5    Str:  7    XL:     27
Magic:  22/53      EV: 43    Int: 21    God:    Makhleb [******]
Gold:   0          SH:  0    Dex: 21    Spells: 77/77 levels left

rFire    . . .     SeeInvis +   l - +∞ Axe of Woe
rCold    . . .     Faith    .   (shield currently unavailable)
rNeg     . . .     Spirit   .   b - +0 robe
rPois    .         Reflect  .   (helmet restricted)
rElec    .         Harm     .   c - +0 cloak
rCorr    .         Rampage  .   (gloves unavailable)
Will     ++++.     NoTele   +   (boots unavailable)
Stlth    ++++++++++             (no amulet)
HPRegen  0.35/turn              (no ring)
MPRegen  0.33/turn              (no ring)

@: very quick
A: very small, no large weapons, unfitting armour, see invisible, speed 3
a: Renounce Religion, Minor Destruction, Lesser Servant of Makhleb, Major
Destruction, Greater Servant of Makhleb


You were in the Dungeon.
You worshipped Makhleb.
Makhleb was exalted by your worship.
You visited 1 branch

Inventory:

Hand Weapons
 a - a +2 dagger
 l - the +∞ Axe of Woe (weapon)
   (You found it in the Dungeon)
Missiles
 d - 8 poisoned darts (quivered)
 e - 2 curare-tipped darts
Armour
 b - a +0 robe (worn)
 c - a +0 cloak (worn)
Scrolls
 k - a scroll of blinking
Potions
 f - a potion of curing
 g - a potion of heal wounds
 h - a potion of haste
 i - 2 potions of magic
 j - a potion of berserk rage


   Skills:
 + Level 19.3 Fighting
 + Level 23.9(27) Short Blades
 + Level 19.3(22.1) Long Blades
 O Level 27 Axes
 + Level 17.9(25.2) Maces & Flails
 + Level 17.9(25.2) Polearms
 + Level 17.9(22.7) Staves
 + Level 25.5(27) Slings
 + Level 25.6 Bows
 + Level 22.4 Crossbows
 + Level 22.2(25.4) Throwing
 + Level 18.0 Armour
 O Level 27 Dodging
 O Level 27 Stealth
 + Level 17.9 Shields
 + Level 19.5 Unarmed Combat
 + Level 25.5 Spellcasting
 + Level 18.0 Conjurations
 + Level 25.5 Hexes
 + Level 19.3 Summonings
 + Level 20.8 Necromancy
 O Level 27 Translocations
 O Level 27 Transmutations
 + Level 19.4 Fire Magic
 + Level 19.4 Ice Magic
 + Level 20.6 Air Magic
 + Level 20.7 Earth Magic
 + Level 22.2 Poison Magic
 + Level 21.9 Invocations
 O Level 27 Evocations


You had 77 spell levels left.
You didn't know any spells.
Your spell library was empty.

Dungeon Overview and Level Annotations

Branches:
Dungeon (1/1)

Altars:
Makhleb


Innate Abilities, Weirdness & Mutations

You are very small and have problems with some larger weapons.
You are too small for most types of armour.
You have supernaturally acute eyesight. (SInv)
You cover ground extremely quickly. (Speed+++)


Message History

You have reached level 27, the final one!
Your experience leads to an increase in your attributes!
Increase (S)trength, (I)ntelligence, or (D)exterity?
You feel agile.
You hit the sculptor of flesh but do no damage.
You butcher the sculptor of flesh messily.
You destroy the sculptor of flesh!
Makhleb accepts your kill.
You feel better.
You slash the large bag of meat!
Flame seeps out of the large bag of meat.
You chop the large bag of meat into pieces.
Makhleb accepts your kill.
The large bag of meat explodes!
The fiery explosion engulfs you!!
You are engulfed in blazing flames.
You hear a shout! x3
The destroyer is engulfed in blazing flames.
The tyrant waves its bony arms in wide circles.
The air twists around and strikes you!!!
You hear a shout!
The meat berserker rages.
You hear a shout! x2
The tyrant mumbles some strange words.
The bag of meat is engulfed in blazing flames.
You hear a shout!
Your base Throwing skill increases to level 22!
Your Armour skill increases to level 18!
Your Conjurations skill increases to level 18!
Your Poison Magic skill increases to level 22!
A large bag of meat comes into view. It is wielding a +9 giant spiked club.
You are engulfed in blazing flames.
* * * LOW HITPOINT WARNING * * *
The large abomination is engulfed in blazing flames.
The destroyer is engulfed in blazing flames.
The destroyer blinks!
You hear a shout!
The meat berserker is engulfed in blazing flames.
The destroyer is engulfed in blazing flames.
The destroyer hits you with a +9 vorpal great sword!!!!
Ouch! That really hurt!
You die...

.#.......#°.☼..#..
....#.....)))§.....
.M........)O###......
.......###○)§....###.
.........#D)§....#
.o....§§§#§§§....#
#..o...§☼z§........
#.#.§§ooV☼☼.......
#o.§§O@☼z........
#.#.§XV§V........#
#..§z§#X§......#.
......XLXX.......#
.....XX##.#z......
#...... .........
...#### ..#.... ...
.....L.


You could see an accursed, 2 tentacled monstrosities, 2 tyrants, an eight-headed
meat hydra, 3 destroyers, 4 sculptors of flesh, a large bag of meat (inner
flame), 4 large abominations, a meat berserker (berserk) and 5 bags of meat.

Vanquished Creatures
  5 vampire knights (D)
  14 ogres (D)
  9 two-headed ogres (D)
  26 orcs (D)
  A skeletal warrior (D)
55 creatures vanquished.

Notes
Turn   | Place    | Note
-------+----------+-------------------------------------------
     0 | D        | Found the +∞ Axe of Woe
     0 | D        | sahdkjhfkaj the Spriggan Brigand began the quest for the
                  | Orb.
     0 | D        | Reached XP level 1. HP: 10/10 MP: 2/2
     3 | D        | Became a worshipper of Makhleb the Destroyer
     4 | D        | Noticed a bag of meat
     5 | D        | Noticed a bag of meat
     5 | D        | Noticed a bag of meat
     5 | D        | Noticed a bag of meat
     5 | D        | Noticed a bag of meat
     6 | D        | Noticed a bag of meat
     9 | D        | Killed a bag of meat
     9 | D        | Noticed a meat berserker
     9 | D        | Noticed a bag of meat
    10 | D        | Reached XP level 2. HP: 14/14 MP: 3/3
    10 | D        | Reached XP level 3. HP: 18/18 MP: 4/4
    10 | D        | Reached XP level 4. HP: 22/22 MP: 5/5
    10 | D        | Reached XP level 5. HP: 25/25 MP: 6/6
    10 | D        | Reached XP level 6. HP: 30/30 MP: 7/7
    10 | D        | Reached XP level 7. HP: 33/33 MP: 8/8
    10 | D        | Reached XP level 8. HP: 37/37 MP: 9/9
    10 | D        | Reached XP level 9. HP: 41/41 MP: 10/10
    10 | D        | Reached XP level 10. HP: 46/46 MP: 11/11
    10 | D        | Reached XP level 11. HP: 49/49 MP: 12/12
    11 | D        | Killed a bag of meat
    11 | D        | Reached * piety under Makhleb
    11 | D        | Killed a bag of meat
    11 | D        | Noticed a bag of meat
    12 | D        | Reached skill level 27 in Dodging
    12 | D        | Reached XP level 12. HP: 53/53 MP: 13/13
    12 | D        | Reached XP level 13. HP: 57/57 MP: 14/14
    12 | D        | Killed a meat berserker
    12 | D        | Killed a bag of meat
    12 | D        | Reached ** piety under Makhleb
    12 | D        | Noticed a bag of meat
    13 | D        | Reached XP level 14. HP: 61/61 MP: 15/15
    13 | D        | Reached XP level 15. HP: 65/65 MP: 16/16
    13 | D        | Noticed a meat berserker
    14 | D        | Noticed a meat berserker
    15 | D        | Noticed a meat berserker
    16 | D        | Noticed a meat berserker
    16 | D        | Noticed a meat berserker
    17 | D        | Killed a meat berserker
    17 | D        | Killed a meat berserker
    17 | D        | Reached *** piety under Makhleb
    17 | D        | Noticed a meat berserker
    18 | D        | Reached skill level 27 in Axes
    18 | D        | Reached skill level 5 in Fighting
    18 | D        | Reached skill level 5 in Crossbows
    18 | D        | Reached skill level 5 in Necromancy
    18 | D        | Reached skill level 5 in Fire Magic
    18 | D        | Reached skill level 5 in Ice Magic
    18 | D        | Reached skill level 5 in Air Magic
    18 | D        | Reached skill level 5 in Earth Magic
    18 | D        | Reached skill level 5 in Poison Magic
    18 | D        | Reached XP level 16. HP: 76/76 MP: 16/27
    19 | D        | Killed a meat berserker
    19 | D        | Killed a meat berserker
    19 | D        | Killed a meat berserker
    19 | D        | Reached **** piety under Makhleb
    20 | D        | Reached skill level 10 in Short Blades
    20 | D        | Reached skill level 10 in Bows
    20 | D        | Reached skill level 10 in Hexes
    20 | D        | Reached XP level 17. HP: 85/85 MP: 16/33
    20 | D        | Reached XP level 18. HP: 90/90 MP: 16/34
    20 | D        | Noticed a large bag of meat
    21 | D        | Noticed a large bag of meat
    23 | D        | Killed a meat berserker
    24 | D        | Reached skill level 10 in Crossbows
    24 | D        | Reached skill level 10 in Throwing
    24 | D        | Reached skill level 10 in Poison Magic
    24 | D        | Reached ***** piety under Makhleb
    25 | D        | Reached skill level 10 in Air Magic
    25 | D        | Reached skill level 10 in Earth Magic
    25 | D        | Reached XP level 19. HP: 96/96 MP: 17/36
    25 | D        | Killed a large bag of meat
    26 | D        | Reached skill level 10 in Long Blades
    26 | D        | Reached skill level 27 in Stealth
    26 | D        | Reached skill level 10 in Unarmed Combat
    26 | D        | Reached skill level 10 in Necromancy
    26 | D        | Reached skill level 10 in Fire Magic
    26 | D        | Reached skill level 10 in Ice Magic
    26 | D        | Reached skill level 10 in Invocations
    27 | D        | Reached skill level 10 in Fighting
    27 | D        | Reached skill level 10 in Summonings
    27 | D        | Reached skill level 15 in Transmutations
    27 | D        | Noticed a meat berserker
    27 | D        | Noticed a large bag of meat
    28 | D        | Noticed a destroyer
    29 | D        | Reached skill level 10 in Maces & Flails
    29 | D        | Reached skill level 10 in Polearms
    29 | D        | Reached skill level 10 in Staves
    29 | D        | Reached skill level 15 in Slings
    29 | D        | Reached skill level 15 in Bows
    29 | D        | Reached skill level 10 in Armour
    29 | D        | Reached skill level 10 in Shields
    29 | D        | Reached skill level 15 in Spellcasting
    29 | D        | Reached skill level 10 in Conjurations
    29 | D        | Reached skill level 15 in Hexes
    29 | D        | Reached XP level 20. HP: 105/105 MP: 17/40
    29 | D        | Reached ****** piety under Makhleb
    30 | D        | Reached skill level 15 in Short Blades
    30 | D        | Reached XP level 21. HP: 110/110 MP: 17/42
    31 | D        | Killed a destroyer
    32 | D        | Reached skill level 15 in Crossbows
    32 | D        | Reached skill level 15 in Poison Magic
    32 | D        | Noticed a large bag of meat
    34 | D        | Reached skill level 15 in Throwing
    34 | D        | Reached XP level 22. HP: 119/119 MP: 18/45
    34 | D        | Noticed a large bag of meat
    36 | D        | Killed a large bag of meat
    36 | D        | Noticed a destroyer
    37 | D        | Reached skill level 15 in Necromancy
    37 | D        | Reached skill level 15 in Air Magic
    37 | D        | Reached skill level 15 in Earth Magic
    37 | D        | Reached skill level 15 in Invocations
    37 | D        | Noticed a large bag of meat
    37 | D        | Noticed a destroyer
    38 | D        | Killed a large bag of meat
    39 | D        | Reached XP level 23. HP: 77/124 MP: 19/47
    40 | D        | Noticed a destroyer
    40 | D        | Noticed a large bag of meat
    40 | D        | Noticed a destroyer
    40 | D        | Noticed a destroyer
    41 | D        | Noticed a destroyer
    41 | D        | Noticed a large bag of meat
    41 | D        | Noticed a large bag of meat
    42 | D        | Killed a large bag of meat
    43 | D        | Reached XP level 24. HP: 92/133 MP: 20/49
    43 | D        | Killed a destroyer
    43 | D        | Killed a destroyer
    43 | D        | Killed a large bag of meat
    44 | D        | Reached skill level 15 in Maces & Flails
    44 | D        | Reached skill level 15 in Polearms
    44 | D        | Reached skill level 15 in Staves
    44 | D        | Reached skill level 15 in Armour
    44 | D        | Reached skill level 15 in Shields
    44 | D        | Reached skill level 15 in Conjurations
    44 | D        | Reached XP level 25. HP: 85/140 MP: 20/50
    44 | D        | Killed a large bag of meat
    44 | D        | Killed a large bag of meat
    44 | D        | Killed a destroyer
    45 | D        | Reached skill level 27 in Translocations
    45 | D        | Reached XP level 26. HP: 55/147 MP: 20/51
    46 | D        | Noticed a destroyer
    47 | D        | Noticed a tyrant
    47 | D        | Killed a destroyer
    47 | D        | Noticed a tyrant
    48 | D        | Killed a large bag of meat
    48 | D        | Noticed an accursed
    49 | D        | Reached skill level 27 in Transmutations
    49 | D        | Reached skill level 27 in Evocations
    49 | D        | Reached XP level 27. HP: 115/154 MP: 21/53
    49 | D        | Killed a large bag of meat
    50 | D        | Noticed a large bag of meat
    50 | D        | Annihilated by a destroyer

Illustrated notes

Levels and vault maps discovered:
D:        meatsprint

Skill      XL: |  1  2  3  4  5  6  7  8  9 10 11 12 13 14 15 16 17 18 19 20 21 22 23 24 25 26 27 |
---------------+----------------------------------------------------------------------------------+-----
Axes           | 14 19 25 27 | 27.0
Dodging        | 20 27 | 27.0
Stealth        | 23 24 26 27 | 27.0
Fighting       | 5 7 9 11 13 14 16 17 19 | 19.3
Short Blades   | 6 10 11 14 15 16 17 20 21 22 23 | 23.9
Long Blades    | 4 7 9 11 13 14 16 17 19 | 19.3
Maces & Flails | 4 6 8 10 12 13 14 15 16 17 | 17.9
Polearms       | 4 7 8 10 11 12 13 14 15 16 17 | 17.9
Staves         | 4 7 8 10 12 13 14 15 16 17 | 17.9
Slings         | 7 11 12 15 16 18 19 21 22 23 25 | 25.5
Bows           | 7 10 12 15 16 18 19 21 22 23 25 | 25.6
Crossbows      | 5 9 11 13 14 15 16 18 20 22 | 22.4
Throwing       | 6 9 10 13 15 16 18 19 20 21 22 | 22.2
Armour         | 4 7 8 10 11 12 13 14 15 16 17 18 | 18.0
Shields        | 4 7 8 10 11 12 13 14 15 16 17 | 17.9
Unarmed Combat | 4 7 9 11 12 13 14 16 17 18 19 | 19.5
Spellcasting   | 7 11 12 15 16 18 19 21 22 23 25 | 25.5
Conjurations   | 4 7 8 10 11 12 13 14 15 16 17 18 | 18.0
Hexes          | 7 10 12 15 16 18 19 21 22 23 25 | 25.5
Summonings     | 4 7 9 11 13 14 16 17 19 | 19.3
Necromancy     | 5 8 9 12 14 15 17 18 19 20 | 20.8
Translocations | 8 13 14 18 20 22 24 26 27 | 27.0
Transmutations | 7 11 13 16 17 19 20 23 24 25 27 | 27.0
Fire Magic     | 5 7 9 11 13 14 16 17 19 | 19.4
Ice Magic      | 5 7 9 11 13 14 16 17 18 19 | 19.4
Air Magic      | 5 8 10 12 14 15 17 18 19 20 | 20.6
Earth Magic    | 5 8 10 12 14 15 17 18 19 20 | 20.7
Poison Magic   | 5 9 10 13 15 16 18 19 20 21 22 | 22.2
Evocations     | 7 11 13 16 17 19 20 23 24 25 27 | 27.0
Invocations    | 7 9 12 13 14 15 18 19 20 21 | 21.9

Action                   |  1- 3 |  4- 6 |  7- 9 | 10-12 | 13-15 | 16-18 | 19-21 | 22-24 | 25-27 || total
-------------------------+-------+-------+-------+-------+-------+-------+-------+-------+-------++-------
Melee: Broad axe         |     1 |       |       |     1 |     2 |     3 |     7 |     5 |     5 ||    24
Dodge: Dodged            |       |       |       |       |       |       |       |     1 |     1 ||     2

Table legend: (Time is in decaauts)
 A = Elapsed time spent in this place.
 B = Non-inter-level travel time spent in this place.
 C = Inter-level travel time spent in this place.
 D = Time resting spent in this place.
 E = Time spent auto-exploring this place.
 F = Levels seen in this place.
 G = Mean time per level.
                   A        B        C        D        E       F      G
               +--------+--------+--------+--------+--------+-----+--------+
         Total |     35 |     35 |      0 |      0 |      0 |   1 |   35.0 |
       Dungeon |     35 |     35 |      0 |      0 |      0 |   1 |   35.0 |
               +--------+--------+--------+--------+--------+-----+--------+

Top non-repeatable levels by time:
       D: 35 daAuts
